 Dungeon Crawl Stone Soup version 0.32-a0-818-gb728d0252e (webtiles) character file.

Game seed: 16155290621728383673

9 AstroCodex24 the Shield-Bearer (level 2, 0/23 HPs)
             Began as a Vampire Fighter on Mar 23, 2024.
             Slain by Terence
             ... wielding a +0 morningstar
              (5 damage)
             ... on level 2 of the Dungeon.
             The game lasted 00:01:02 (401 turns).

AstroCodex24 the Shield-Bearer (Vampire Fighter)     Turns: 401, Time: 00:01:03

Health: 0/23       AC:  6    Str: 15    XL:     2   Next: 6%
Magic:  2/2        EV:  7    Int: 10    God:
Gold:   17         SH:  4    Dex: 13    Spells: 1/1 levels left

rFire   . . .        a - +0 war axe
rCold   . . .        c - +0 buckler
rNeg    . . .        b - +0 scale mail
rPois   .            (no helmet)
rElec   .            (no cloak)
rCorr   .            (no gloves)
SInv    +            (no boots)
Will    .....        (no amulet) Stlth
                     (no ring)
HPRegen 0.43/turn    (no ring)
MPRegen 0.08/turn

%: no passive effects
@: healing quickly
A: alive, fangs 3, see invisible, vampiric 1
a: Exsanguinate


You were on level 2 of the Dungeon.
You visited 1 branch of the dungeon, and saw 2 of its levels.

You collected 17 gold pieces.

Inventory:

Hand Weapons
 a - a +0 war axe (weapon)
Armour
 b - a +0 scale mail (worn)
 c - a +0 buckler (worn)
Scrolls
 f - a scroll of enchant armour {unknown}
 h - a scroll of identify {unknown}
Potions
 d - a potion of might
 e - 2 potions of curing {unknown}
 g - a potion of mutation {unknown}


   Skills:
 + Level 2.7 Fighting
 + Level 1.8 Axes
 + Level 2.6 Armour
 + Level 2.9 Shields


You had one spell level left.
You didn't know any spells.
Your spell library was empty.

Dungeon Overview and Level Annotations

Branches:
Dungeon (2/15)

Altars:

Annotations:
D:2 Terence


Innate Abilities, Weirdness & Mutations

Your natural rate of healing is accelerated.
You have razor-sharp teeth.
You have supernaturally acute eyesight. (SInv)
You are afflicted with vampirism.


Message History

You barely miss the ribbon worm. The ribbon worm bites you.
You slash the ribbon worm! You bite the ribbon worm.
The ribbon worm is heavily wounded.
The ribbon worm closely misses you.
You hit the ribbon worm.
The ribbon worm is almost dead.
The ribbon worm bites you!
You completely miss the ribbon worm.
The ribbon worm is severely wounded.
The ribbon worm barely misses you.
You slash the ribbon worm!
You kill the ribbon worm!
You have reached level 2!
You see here a ribbon worm corpse.
e - 2 fuming orange potions (gained 1)
You open the door.
There is an open door here.
Terence the Incautious comes into view.
He is wielding a +0 morningstar.
Terence shouts!
Terence says, "How do you enjoy it?" Terence barely misses you.
You block Terence's attack.
You barely miss Terence. You block Terence's attack. Terence barely misses you.
You hit Terence. Your bite misses Terence.
Terence is moderately wounded.
You block Terence's attack.
You hit Terence but do no damage.
Terence is moderately wounded.
Terence hits you with a +0 morningstar. Terence screams, "I want your blood!"
Terence hits you with a +0 morningstar!
You hit Terence. Your bite misses Terence.
Terence is heavily wounded.
Terence hits you with a +0 morningstar.
* * * LOW HITPOINT WARNING * * *
You hit Terence. You bite Terence, but do no damage.
Terence is severely wounded.
Terence hits you with a +0 morningstar.
You die...
Terence says, "That felt goooood."

##.#..# ##..#..#
##...'..# ##....#..#
##...†.#..# ##.....##..#
. #.....###.##
#...####+#######'#####.#
........@@.............#
##..#.#.####.###########
.....# #.# #.##.### #.#
# #.. #.. ## ###


You could see Terence.

Vanquished Creatures
  A ribbon worm (D:2)
  2 hobgoblins
  2 jackals (D:2)
  A quokka (D:1)
6 creatures vanquished.

Notes
Turn   | Place    | Note
-------+----------+-------------------------------------------
     0 | D:1      | AstroCodex24 the Vampire Fighter began the quest for the
                  | Orb.
     0 | D:1      | Reached XP level 1. HP: 17/17 MP: 1/1
   376 | D:2      | Reached XP level 2. HP: 11/23 MP: 2/2
   393 | D:2      | Noticed Terence
   401 | D:2      | Slain by Terence

Illustrated notes

Levels and vault maps discovered:
D:1:      dpeg_arrival_rooms_c, layout_loops_corners, serial_forest,
          infiniplex_forest_clump_diagonal, infiniplex_forest_end_2,
          infiniplex_forest_clump_large, infiniplex_forest_end_2,
          infiniplex_forest_clump_diagonal, infiniplex_forest_end_3,
          infiniplex_forest_lined_room_3, serial_bayou_pond_a
D:2:      layout_basic, minmay_quadrilaterals, uniq_terence, uniq_sigmund

Action                     || total
---------------------------++-------
  Melee: War axe           ||    25
         Bite              ||     2
 Armour: Scale mail        ||    24
  Dodge: Dodged            ||    16
  Block: Buckler           ||     7

Table legend: (Time is in decaauts)
 A = Elapsed time spent in this place.
 B = Non-inter-level travel time spent in this place.
 C = Inter-level travel time spent in this place.
 D = Time resting spent in this place.
 E = Time spent auto-exploring this place.
 F = Levels seen in this place.
 G = Mean time per level.
                   A        B        C        D        E       F      G
               +--------+--------+--------+--------+--------+-----+--------+
         Total |    411 |    411 |      0 |      0 |      0 |   2 |  205.5 |
       Dungeon |    411 |    411 |      0 |      0 |      0 |   2 |  205.5 |
               +--------+--------+--------+--------+--------+-----+--------+

Top non-repeatable levels by time:
     D:2: 317 daAuts
     D:1: 94 daAuts
